 Seeded DCSS version 0.28-a0-595-g9f6c0e134a (webtiles) character file.

Game seed: 20210930 (custom seed)

82 muata the Shield-Bearer (level 4, -1/41 HPs)
             Began as a Gnoll Fighter on Sept 30, 2021.
             Slain by Grinder (3 damage)
             ... on level 3 of the Dungeon on Oct 4, 2021.
             The game lasted 00:06:05 (2421 turns).

muata the Shield-Bearer (Gnoll Fighter)             Turns: 2421, Time: 00:06:08

Health: -1/41      AC: 11    Str: 16    XL:     4   Next: 43%
Magic:  5/5        EV:  9    Int:  7    God:
Gold:   133        SH:  5    Dex: 12    Spells: 5/5 levels left

rFire   . . .      SeeInvis .   u - +0 dagger (speed)
rCold   . . .      Faith    .   c - +0 buckler
rNeg    . . .      Spirit   .   b - +0 scale mail
rPois   .          Reflect  .   j - +2 helmet
rElec   .          Harm     .   (no cloak)
rCorr   .          Rampage  .   (no gloves)
Will    .....                   (no boots)
Stlth   ..........              (no amulet)
HPRegen 0.13/turn               (no ring)
MPRegen 0.09/turn               (no ring)

@: no status effects
A: fangs 1, strong nose, distributed training
a: no special abilities


You were on level 3 of the Dungeon.
You visited 1 branch of the dungeon, and saw 3 of its levels.

You collected 133 gold pieces.

Inventory:

Hand Weapons
 a - a +0 flail
 u - a +0 dagger of speed (weapon)
Missiles
 m - 2 atropa-tipped darts
 n - 4 javelins (quivered)
Armour
 b - a +0 scale mail (worn)
 c - a +0 buckler (worn)
 j - a +2 helmet (worn)
Scrolls
 e - 2 scrolls of identify
 f - a scroll of fog {unknown}
 h - a scroll of vulnerability {unknown}
 i - 2 scrolls of teleportation {unknown}
 k - a scroll of acquirement {unknown}
 l - 2 scrolls of magic mapping {unknown}
 s - a scroll of fear {unknown}
 t - a scroll of torment {unknown}
 v - a scroll of brand weapon {unknown}
Potions
 d - a potion of might
 g - a potion of magic
 o - a potion of invisibility {unknown}
 p - a potion of mutation {unknown}
 q - a potion of curing {unknown}
 r - a potion of lignification {unknown}


   Skills:
 + Level 6.6 Fighting
 + Level 1.1 Short Blades
 + Level 1.1 Long Blades
 + Level 1.1 Axes
 + Level 4.6 Maces & Flails
 + Level 1.1 Polearms
 + Level 1.1 Staves
 + Level 1.1 Slings
 + Level 1.1 Bows
 + Level 1.1 Crossbows
 + Level 1.1 Throwing
 + Level 6.6 Armour
 + Level 1.1 Dodging
 + Level 1.1 Stealth
 + Level 6.6 Shields
 + Level 1.1 Unarmed Combat
 + Level 1.1 Spellcasting
 + Level 0.9 Conjurations
 + Level 0.9 Hexes
 + Level 0.9 Summonings
 + Level 0.9 Necromancy
 + Level 0.9 Translocations
 + Level 0.9 Transmutations
 + Level 0.9 Fire Magic
 + Level 0.9 Ice Magic
 + Level 0.9 Air Magic
 + Level 0.9 Earth Magic
 + Level 0.9 Poison Magic
 + Level 1.2 Invocations
 + Level 1.1 Evocations


You had 5 spell levels left.
You didn't know any spells.
Your spell library was empty.

Dungeon Overview and Level Annotations

Branches:
Dungeon (3/15)

Altars:

Shops:
D:1 *

Annotations:
D:3 Grinder


Innate Abilities, Weirdness & Mutations

You have very sharp teeth.
Your uncanny sense of smell can sniff out nearby items.
Your experience applies equally to all skills.


Message History

Grinder gestures at you. Pain shoots through your body!
You barely miss Grinder.
Grinder is lightly wounded.
You hit Grinder.
Grinder is lightly wounded.
Grinder hits you.
You writhe in agony.
You hit Grinder but do no damage.
Grinder is lightly wounded.
Grinder blinks!
You closely miss Grinder. Your bite misses Grinder.
Grinder is lightly wounded.
You hit Grinder. You bite Grinder, but do no damage.
Grinder is moderately wounded.
Grinder says, "Are you a fish?" Grinder gestures at you.
You barely resist. You hit Grinder.
Grinder is moderately wounded.
Grinder gestures at you.
You suddenly lose the ability to move!
Grinder says, "Are you a fish?" Grinder hits you.
You writhe in agony.
* * * LOW HITPOINT WARNING * * *
Grinder gestures at you. You resist with significant effort. Grinder hits you!
* * * LOW HITPOINT WARNING * * *
You writhe in agony.
* * * LOW HITPOINT WARNING * * *
Grinder gestures at you.
You barely resist. Grinder hits you but does no damage.
You can move again.
You barely miss Grinder.
Grinder is moderately wounded.
You hit Grinder but do no damage.
Grinder is moderately wounded.
Grinder hits you.
You die...

#...# # #. ## #
##...########.#.# .. ..
............#.#.####. ...
.................#.. ....
..............#..#.# .....
##...#####.#.....#.#....ยง.
#...# #.#.##......# #..<#
#.#.###5#.### #...#
#..>...@#.# #...#
###.###.#.. #...#
#........# #...# ##########
##.######## ###..[..##.##
.....##.#...##
####.........# #.....#...##


You could see Grinder.

Vanquished Creatures
  An adder (D:2)
  2 worms (D:2)
  3 dart slugs
  5 endoplasms
  A giant cockroach (D:2)
  2 goblins
  6 hobgoblins
  4 jackals (D:1)
  4 quokkas
  6 ball pythons
  10 bats
  5 kobolds
  7 rats
56 creatures vanquished.

Notes
Turn   | Place    | Note
-------+----------+-------------------------------------------
     0 | D:1      | muata the Gnoll Fighter began the quest for the Orb.
     0 | D:1      | Reached XP level 1. HP: 23/23 MP: 1/1
   285 | D:1      | Reached XP level 2. HP: 29/29 MP: 2/2
   449 | D:1      | Upgraded the game from 0.28-a0-563-gf77a47075d to
                  | 0.28-a0-595-g9f6c0e134a
   544 | D:1      | Reached XP level 3. HP: 35/35 MP: 3/3
   691 | D:1      | Found Ekihyry's Assorted Antiques.
  1121 | D:2      | Reached skill level 1 in Invocations
  1305 | D:2      | Reached skill level 1 in Short Blades
  1305 | D:2      | Reached skill level 1 in Long Blades
  1305 | D:2      | Reached skill level 1 in Axes
  1305 | D:2      | Reached skill level 1 in Polearms
  1305 | D:2      | Reached skill level 1 in Staves
  1305 | D:2      | Reached skill level 1 in Slings
  1305 | D:2      | Reached skill level 1 in Bows
  1305 | D:2      | Reached skill level 1 in Crossbows
  1305 | D:2      | Reached skill level 1 in Throwing
  1305 | D:2      | Reached skill level 1 in Dodging
  1305 | D:2      | Reached skill level 1 in Stealth
  1305 | D:2      | Reached skill level 1 in Unarmed Combat
  1305 | D:2      | Reached skill level 1 in Spellcasting
  1305 | D:2      | Reached skill level 1 in Evocations
  1380 | D:2      | Reached XP level 4. HP: 20/41 MP: 5/5
  2393 | D:3      | Noticed Grinder
  2414 | D:3      | Paralysed by Grinder for 5 turns
  2417 | D:3      | HP: 1/41 [Grinder (3)]
  2421 | D:3      | Slain by Grinder

Illustrated notes

Levels and vault maps discovered:
D:1:      tarquinn_simple_flora_water_a, layout_loops_ring, serial_shops, shop
D:2:      minmay_chambers_of_twos, layout_basic
D:3:      layout_loops_cross, minivault_24, uniq_grinder

Skill      XL: |  1  2  3 |
---------------+----------+-----
Invocations    | 1 |  1.2
Short Blades   | 1 |  1.1
Long Blades    | 1 |  1.1
Axes           | 1 |  1.1
Polearms       | 1 |  1.1
Staves         | 1 |  1.1
Slings         | 1 |  1.1
Bows           | 1 |  1.1
Crossbows      | 1 |  1.1
Throwing       | 1 |  1.1
Dodging        | 1 |  1.1
Stealth        | 1 |  1.1
Unarmed Combat | 1 |  1.1
Spellcasting   | 1 |  1.1
Evocations     | 1 |  1.1
Fighting       | |  6.6
Maces & Flails | |  4.6
Armour         | |  6.6
Shields        | |  6.6
Conjurations   | |  0.9
Hexes          | |  0.9
Summonings     | |  0.9
Necromancy     | |  0.9
Translocations | |  0.9
Transmutations | |  0.9
Fire Magic     | |  0.9
Ice Magic      | |  0.9
Air Magic      | |  0.9
Earth Magic    | |  0.9
Poison Magic   | |  0.9

Action                   |  1- 3 |  4- 6 || total
-------------------------+-------+-------++-------
Melee: Flail             |   120 |    56 ||   176
       Bite              |    10 |     6 ||    16
       Dagger            |       |    13 ||    13
  Use: Scroll            |       |     1 ||     1
Armor: Scale mail        |    68 |    56 ||   124
Dodge: Dodged            |    47 |    55 ||   102
Block: Buckler           |    42 |    24 ||    66

Table legend: (Time is in decaauts)
 A = Elapsed time spent in this place.
 B = Non-inter-level travel time spent in this place.
 C = Inter-level travel time spent in this place.
 D = Time resting spent in this place.
 E = Time spent auto-exploring this place.
 F = Levels seen in this place.
 G = Mean time per level.
                   A        B        C        D        E       F      G
               +--------+--------+--------+--------+--------+-----+--------+
         Total |   2445 |   2383 |     62 |      0 |   1825 |   3 |  815.0 |
       Dungeon |   2445 |   2383 |     62 |      0 |   1825 |   3 |  815.0 |
               +--------+--------+--------+--------+--------+-----+--------+

Top non-repeatable levels by time:
     D:2: 1122 daAuts
     D:1: 949 daAuts
     D:3: 373 daAuts
